 Dungeon Crawl Stone Soup version 0.30-a0-630-g881e3bac89 (webtiles) character file.

Game seed: 3027156559642153214

55 M4edhros the Insei (level 3, -7/20 HPs)
             Began as a Vine Stalker Monk on Jan 13, 2023.
             Killed from afar by Ijyb (10 damage)
             ... with a puff of flame
             ... on level 4 of the Dungeon.
             The game lasted 00:01:46 (738 turns).

M4edhros the Insei (Vine Stalker Monk)               Turns: 738, Time: 00:01:46

Health: -7/20      AC:  2    Str: 13    XL:     3   Next: 93%
Magic:  0/4        EV: 13    Int: 10    God:
Gold:   49         SH:  4    Dex: 18    Spells: 0/2 levels left

rFire   . . .      SeeInvis .      - Unarmed
rCold   . . .      Faith    .    e - +0 buckler
rNeg    . . .      Spirit   +    a - +0 robe
rPois   .          Reflect  .    (no helmet)
rElec   .          Harm     .    (no cloak)
rCorr   .          Rampage  .    (no gloves)
Will    .....                    (no boots)
Stlth   ++                       (no amulet)
HPRegen 0.23/turn                (no ring)
MPRegen 0.09/turn                (no ring)

@: no status effects
A: fangs 2, magic shield, antimagic bite, no potion heal 2
a: no special abilities


You were on level 4 of the Dungeon.
You visited 1 branch of the dungeon, and saw 4 of its levels.

You collected 49 gold pieces.

Inventory:

Missiles
 d - 5 poisoned darts (quivered)
Armour
 a - a +0 robe (worn)
 e - a +0 buckler (worn)
Jewellery
 c - a +6 ring of intelligence
 g - a +6 ring of strength
Scrolls
 f - a scroll of teleportation {unknown}


   Skills:
 + Level 3.0 Fighting
 * Level 3.0 Dodging
 + Level 3.0 Stealth
 + Level 0.4 Shields
 + Level 3.3 Unarmed Combat
 * Level 0.8 Poison Magic


You couldn't memorise any spells.
You knew the following spells:

 Your Spells              Type           Power      Damage    Failure   Level
a - Poisonous Vapours     Pois/Air       0%         N/A       56%         2

Your spell library contained the following spells:

 Spells                   Type           Power      Damage    Failure   Level
 Sting                    Tmut/Pois      0%         1d3       41%         1
 Olgreb's Toxic Radiance  Pois           1%         N/A       98%         4


Dungeon Overview and Level Annotations

Branches:
Dungeon (4/15)
 Temple: D:4-7

Altars:

Shops:
D:4 *

Annotations:
D:4 Ijyb


Innate Abilities, Weirdness & Mutations

You have extremely sharp teeth.
When hurt, damage is shared between your health and your magic reserves.
Your bite disrupts and absorbs the magic of your enemies.
Potions cannot restore your health.


Message History

You aren't carrying any potions.
You barely miss Ijyb. You bite Ijyb. You drain her power.
You feel invigorated.
Ijyb is moderately wounded.
Ijyb hits you but does no damage.
You barely miss Ijyb.
Ijyb is moderately wounded.
Ijyb screams, "Me very upset!"
Ijyb zaps a wand.
The puff of flame hits you!
* * * LOW HITPOINT WARNING * * *
You hit Ijyb but do no damage.
Ijyb is moderately wounded.
Ijyb barely misses you.
You hit Ijyb. Your bite misses Ijyb.
Ijyb is heavily wounded.
Ijyb closely misses you.
You hit Ijyb. You bite Ijyb, but do no damage.
Ijyb is heavily wounded.
Ijyb hits you with a +0 dagger.
* * * LOW HITPOINT WARNING * * *
You hit Ijyb. You bite Ijyb. You drain her power.
You feel invigorated.
Ijyb is severely wounded.
Ijyb barely misses you.
You closely miss Ijyb. You bite Ijyb, but do no damage.
Ijyb is severely wounded.
Ijyb misses you.
You hit Ijyb. You bite Ijyb, but do no damage.
Ijyb is severely wounded.
Ijyb hits you with a +0 dagger.
* * * LOW HITPOINT WARNING * * *
You hit Ijyb but do no damage.
Ijyb is severely wounded.
Ijyb zaps a wand.
You block the puff of flame.
You closely miss Ijyb. Your bite misses Ijyb.
Ijyb is severely wounded.
You block Ijyb's attack.
You hit Ijyb.
Ijyb is almost dead.
Ijyb zaps a wand.
The puff of flame hits you!
Ouch! That really hurt!
You die...

## ###### #.
.....
####.##.#.#
#.........#
#.♣.♣.♣.♣.###
..⌠...⌠.... #
#$♣.♣.♣.♣)####.#
#....@g........#
#.♣.♣.♣.♣.#..###
..⌠...⌠..<..#
#.♣.♣.♣.♣.#..#
#............#
#...#.#####.##
#..##.# ... #..
#.# ###


You could see Ijyb.

Vanquished Creatures
  3 adders
  A worm (D:3)
  2 bats (D:2)
  An endoplasm (D:2)
  3 giant cockroaches
  3 goblins (D:2)
  2 hobgoblins (D:2)
  A quokka (D:2)
  2 ball pythons (D:2)
  8 kobolds
  A rat (D:2)
27 creatures vanquished.

Notes
Turn   | Place    | Note
-------+----------+-------------------------------------------
     0 | D:1      | M4edhros the Vine Stalker Monk began the quest for the Orb.
     0 | D:1      | Reached XP level 1. HP: 11/11 MP: 2/2
   138 | D:2      | Reached XP level 2. HP: 16/16 MP: 3/3
   204 | D:2      | Reached XP level 3. HP: 3/19 MP: 1/4
   356 | D:2      | Learned a level 2 spell: Poisonous Vapours
   528 | D:3      | HP: 1/20 [poisoned by an adder]
   715 | D:4      | Found Qyn Aplo's General Store.
   718 | D:4      | Noticed Ijyb
   738 | D:4      | Killed from afar by Ijyb

Illustrated notes

Levels and vault maps discovered:
D:1:      dpeg_arrival_pits, layout_rooms, serial_shops, nicolae_shop_trees
D:2:      layout_basic, st_stairs_2, kennysheep_generic_room_12
D:3:      layout_rooms, lemuel_tele_altar, chequers_ecumenical_altar_grove,
          chequers_hall_statues_wall_a, dk_vineyard_2
D:4:      layout_basic, mainiacjoe_overflow_alcove_2, hex_medium, fountainhead,
          minmay_shop_grid_forest, uniq_ijyb, uniq_menkaure

Skill      XL: |  1  2  3 |
---------------+----------+-----
Stealth        | 3 |  3.0
Fighting       | 3 |  3.0
Dodging        | 3 |  3.0
Shields        | |  0.4
Unarmed Combat | |  3.3
Poison Magic   | |  0.8

Action                   || total
-------------------------++-------
Melee: Unarmed           ||   115
       Bite              ||    29
       Punch             ||     1
  Use: Potion            ||     1
 Stab: Sleeping          ||     2
Armor: Robe              ||    32
Dodge: Dodged            ||    84
Block: Buckler           ||    14

Table legend: (Time is in decaauts)
 A = Elapsed time spent in this place.
 B = Non-inter-level travel time spent in this place.
 C = Inter-level travel time spent in this place.
 D = Time resting spent in this place.
 E = Time spent auto-exploring this place.
 F = Levels seen in this place.
 G = Mean time per level.
                   A        B        C        D        E       F      G
               +--------+--------+--------+--------+--------+-----+--------+
         Total |    731 |    723 |      8 |     79 |    388 |   4 |  182.8 |
       Dungeon |    731 |    723 |      8 |     79 |    388 |   4 |  182.8 |
               +--------+--------+--------+--------+--------+-----+--------+

Top non-repeatable levels by time:
     D:2: 483 daAuts
     D:3: 199 daAuts
     D:1: 25 daAuts
     D:4: 23 daAuts
